 Dungeon Crawl Stone Soup version 0.25-a0-404-gc1b5a34292 (webtiles) character file.

Game seed: 12616348781332720343, levelgen mode: deterministic

187 MisterFreud the Slasher (level 5, -2/36 HPs)
             Began as an Octopode Fighter on Jan 12, 2020.
             Slain by an orc wizard
             ... wielding a +1 quarterstaff of draining
              (8 damage)
             ... on level 3 of the Dungeon.
             The game lasted 00:02:50 (2755 turns).

MisterFreud the Slasher (Octopode Fighter)          Turns: 2755, Time: 00:02:51

Health: -2/36      AC:  1    Str: 15    XL:     5   Next: 66%
Magic:  5/5        EV: 11    Int: 11    God:
Gold:   70         SH:  8    Dex: 12    Spells: 4/4 levels left

rFire    . . .     SeeInvis .   a - +0 long sword
rCold    . . .     Gourm    .   b - +0 shield
rNeg     . . .     Faith    .   (helmet restricted)
rPois    .         Spirit   .   (no amulet)
rElec    .         Reflect  .   h - ring of resist corrosion
rCorr    +         Harm     .   (no ring)
MR       .....                  (no ring)
Stlth    ++........             (no ring)
HPRegen  0.12/turn              (no ring)
MPRegen  0.09/turn              (no ring)
                                (no ring)
                                (no ring)

@: no status effects
A: almost no armour, stealthy swim, amphibious, 8 rings, constrict 8, camouflage
1, gelatinous body 1
a: no special abilities


You were on level 3 of the Dungeon.
You were not hungry.

You visited 1 branch of the dungeon, and saw 3 of its levels.

You collected 70 gold pieces.

Inventory:

Hand Weapons
 a - a +0 long sword (weapon)
Missiles
 e - 55 stones (quivered)
 g - 7 javelins
 i - 29 arrows
 j - 33 sling bullets
 l - 2 throwing nets
 r - 19 bolts
Armour
 b - a +0 shield (worn)
Jewellery
 h - a ring of resist corrosion (left tentacle)
Scrolls
 f - 2 scrolls of enchant weapon {unknown}
 k - 3 scrolls of enchant armour {unknown}
 m - a scroll of remove curse {unknown}
 n - a scroll of teleportation {unknown}
 p - 4 scrolls of identify {unknown}
 s - a scroll of fear {unknown}
Potions
 c - a potion of might
 q - a potion of cancellation {unknown}
 t - a potion of heal wounds {unknown}
 u - a potion of mutation {unknown}
Comestibles
 d - 4 rations
 o - 11 chunks of flesh


   Skills:
 - Level 3.0 Fighting
 + Level 5.7 Long Blades
 - Level 3.0 Dodging
 - Level 3.0 Shields


You had 4 spell levels left.
You didn't know any spells.
Your spell library was empty.

Dungeon Overview and Level Annotations

Branches:
Dungeon (3/15)

Altars:


Innate Abilities, Weirdness & Mutations

You cannot wear most types of armour.
You are very stealthy in the water. (Stealth+)
You are amphibious.
You can wear up to eight rings at the same time.
You can use your tentacles to constrict eight enemies at once.
Your skin changes colour to match your surroundings (Stealth+).
Your rubbery body absorbs attacks. (AC +1, EV +1)


Message History

An orc wizard comes into view.
It is wielding a +1 quarterstaff of draining.
Unknown command.
The orc wizard shouts!
You hear a shout!
You start resting.
The orc wizard is too close now for your liking.
You block the orc wizard's attack.
You closely miss the orc wizard. Your grab misses the orc wizard.
An orc comes into view. It is wielding a +0 dagger.
The orc wizard gestures at you while chanting.
The puff of frost hits you!
* * * LOW HITPOINT WARNING * * *
You barely miss the orc wizard.
The orc shouts!
You grab the orc wizard. You squeeze the orc wizard.
The orc wizard is moderately wounded.
You constrict the orc wizard.
You hear a shout!
An orc comes into view. It is wielding a +0 whip.
The orc wizard hits you with a +1 quarterstaff of draining!
You die...

########### #.......@.#
#.#######o# #.#
#.###########
#.#......)..#
#.#o##.######.#
#..o...######.#####
....>.................
......#.........[.[....


You could see an orc wizard and 2 orcs.

Vanquished Creatures
  An orc priest (D:3)
  4 adders
  5 gnolls
  An ooze (D:1)
  2 leopard geckos
  5 orcs (D:3)
  3 giant cockroaches
  10 goblins
  3 hobgoblins
  4 jackals (D:2)
  A ball python (D:1)
  7 bats
  6 frilled lizards
  5 kobolds
  10 rats
67 creatures vanquished.

Notes
Turn   | Place    | Note
-------+----------+-------------------------------------------
     0 | D:1      | MisterFreud the Octopode Fighter began the quest for the
                  | Orb.
     0 | D:1      | Reached XP level 1. HP: 16/16 MP: 1/1
    66 | D:1      | Reached XP level 2. HP: 2/21 MP: 2/2
   508 | D:1      | Reached skill level 3 in Long Blades
   789 | D:1      | Reached XP level 3. HP: 9/26 MP: 3/3
  1410 | D:2      | Reached skill level 4 in Long Blades
  1486 | D:2      | Reached XP level 4. HP: 31/31 MP: 4/4
  1972 | D:2      | Reached skill level 5 in Long Blades
  1996 | D:2      | Reached XP level 5. HP: 27/36 MP: 5/5
  2755 | D:3      | Slain by an orc wizard

Levels and vault maps discovered:
D:1:      shiori_arrival_elements, layout_loops_ring
D:2:      layout_basic
D:3:      layout_basic, overflow_temple_1_default, marbit_many_paths,
          first_ration, grunt_ashenzari_visionary
          [grunt_ashenzari_visionary_swamp, grunt_ashenzari_visionary_spider]

Skill      XL: |  1  2  3  4 |
---------------+-------------+-----
Long Blades    | 3 4 5 |  5.7
Fighting       | |  3.0
Dodging        | |  3.0
Shields        | |  3.0

Action                   |  1- 3 |  4- 6 || total
-------------------------+-------+-------++-------
Melee: Long sword        |    60 |    77 ||   137
       Tentacles         |    10 |    13 ||    23
       Constrict         |    14 |    28 ||    42
 Stab: Sleeping          |     3 |     5 ||     8
  Eat: Chunk             |     1 |     5 ||     6
Armor: Skin              |     4 |     7 ||    11
Dodge: Dodged            |    25 |    28 ||    53
Block: Shield            |    21 |    33 ||    54
       Rpst.: Long sword |     8 |    10 ||    18

Table legend:
 A = Non-vault XP
 B = Vault XP
 C = Vault XP percentage of total XP
 D = Non-vault monster count
 E = Vault monster count
 F = Vault count percentage of total count
                 A         B        C        D         E       F
            +---------+---------+-------+---------+---------+-------
      Total |     268 |       0 |   0.0 |      67 |       0 |   0.0
            +---------+---------+-------+---------+---------+-------
        D:1 |      54 |       0 |   0.0 |      24 |       0 |   0.0
        D:2 |     119 |       0 |   0.0 |      26 |       0 |   0.0
        D:3 |      95 |       0 |   0.0 |      17 |       0 |   0.0
            +---------+---------+-------+---------+---------+-------
